 Dungeon Crawl Stone Soup version 0.29-a0-283-ga02f740833 (webtiles) character file.

Game seed: 15214344170220410788

12 cheechan the Grasshopper (level 2, 9/15 HPs)
             Began as a Vine Stalker Warper on Mar 13, 2022.
             Was a Follower of Trog.
             Quit the game on level 1 of the Dungeon.
             The game lasted 00:01:01 (209 turns).

cheechan the Grasshopper (Vine Stalker Warper)       Turns: 209, Time: 00:01:01

Health: 9/15       AC:  3    Str: 13    XL:     2   Next: 33%
Magic:  6/6        EV: 11    Int: 13    God:    Trog [*.....]
Gold:   24         SH:  0    Dex: 13    Spells: 3/5 levels left

rFire   . . .      SeeInvis .     - Unarmed
rCold   . . .      Faith    .   (no shield)
rNeg    . . .      Spirit   +   a - +0 leather armour
rPois   .          Reflect  .   (no helmet)
rElec   .          Harm     .   (no cloak)
rCorr   .          Rampage  .   (no gloves)
Will    .....                   (no boots)
Stlth   +.........              (no amulet)
HPRegen 0.05/turn               (no ring)
MPRegen 0.10/turn               (no ring)

@: no status effects
A: fangs 2, magic shield, antimagic bite, no potion heal 2
a: Renounce Religion, Berserk


You were on level 1 of the Dungeon.
You worshipped Trog.
Trog was aware of your devotion.
You visited 1 branch of the dungeon, and saw 1 of its levels.

You collected 24 gold pieces.

Inventory:

Missiles
 c - 7 boomerangs of dispersal (quivered)
 e - 24 stones
Armour
 a - a +0 leather armour (worn)
Magical Staves
 d - a staff of poison
Scrolls
 b - a scroll of blinking
Potions
 f - a potion of heal wounds {unknown}


   Skills:
 + Level 1.7 Fighting
 + Level 0.8 Throwing
 + Level 0.7 Armour
 + Level 1.7 Dodging
 + Level 2.0 Unarmed Combat
 - Level 2.1 Spellcasting
 - Level 3.5 Translocations


You had 3 spell levels left.
You knew the following spells:

 Your Spells              Type           Power      Damage    Failure   Level
a - Blink                 Tloc           20%        N/A       11%         2

Your spell library contained the following spells:

 Spells                   Type           Power      Damage    Failure   Level
 Gell's Gravitas          Tloc           10%        N/A       22%         3
 Lesser Beckoning         Tloc           10%        N/A       22%         3
 Teleport Other           Tloc           10%        N/A       22%         3
 Manifold Assault         Tloc           10%        N/A       90%         5
 Storm Form               Tmut/Air       0%         N/A       100%        7


Dungeon Overview and Level Annotations

Branches:
Dungeon (1/15)

Altars:
Trog


Innate Abilities, Weirdness & Mutations

You have extremely sharp teeth.
When hurt, damage is shared between your health and your magic reserves.
Your bite disrupts and absorbs the magic of your enemies.
Potions cannot restore your health.


Message History

You hit the hobgoblin but do no damage.
You bite the hobgoblin, but do no damage.
The hobgoblin is heavily wounded.
The hobgoblin hits you.
You hit the hobgoblin.
You kill the hobgoblin!
The jackal barely misses you.
You barely miss the jackal. You bite the jackal. You drain its power.
You feel invigorated.
The jackal is almost dead.
The jackal closely misses you.
You barely miss the jackal.
The jackal is almost dead.
The jackal barely misses you.
You barely miss the jackal. Your bite misses the jackal.
The jackal is almost dead.
The jackal bites you but does no damage.
The jackal completely misses you.
You barely miss the jackal. Your bite misses the jackal.
The jackal is almost dead.
The jackal bites you but does no damage.
You hit the jackal.
You kill the jackal!
Items here: ††††.
You now have 24 gold pieces (gained 13).
Found a leather armour.
Found a stone staircase leading down.
f - an emerald potion
e - 24 stones (gained 22) Memorise Blink, consuming 2 spell levels and leaving 3?
You start memorising the spell.
You continue memorising. x2
You finish memorising.
Spell assigned to 'a'.
There is a faded altar of an unknown god here.
You cannot tell which god this altar belongs to.
Convert to them anyway?
Okay, then.
You cannot tell which god this altar belongs to.
Convert to them anyway?
Trog accepts your prayer! Trog welcomes you!
You can now go berserk at will.
Are you sure you want to abandon this character and quit the game? (Confirm with "yes".)

#..# ###. #..# #...
#####..# ##...
#####......######.#.#
#..........†.....##.#
#.8.⌠.8.##.######.#.#
#.......##.# #...
##.###.⌠._.⌠[##.# #..
.........@....#.# ##.
##.###.8.⌠.8....# .
#........#...
#.########### #. #.
#. #.


There were no monsters in sight!

Vanquished Creatures
  A dart slug (D:1)
  An endoplasm (D:1)
  A hobgoblin (D:1)
  4 jackals (D:1)
  2 kobolds (D:1)
9 creatures vanquished.

Notes
Turn   | Place    | Note
-------+----------+-------------------------------------------
     0 | D:1      | cheechan the Vine Stalker Warper began the quest for the
                  | Orb.
     0 | D:1      | Reached XP level 1. HP: 11/11 MP: 4/4
   132 | D:1      | Found a faded altar of an unknown god.
   144 | D:1      | Reached XP level 2. HP: 8/15 MP: 6/6
   206 | D:1      | Learned a level 2 spell: Blink
   207 | D:1      | Prayed at the altar of an unknown god.
   207 | D:1      | Became a worshipper of Trog the Wrathful
   207 | D:1      | Reached * piety under Trog
   209 | D:1      | Quit the game

Illustrated notes

Levels and vault maps discovered:
D:1:      shiori_arrival_oz, layout_loops_ring,
          hellmonk_ecumenical_altar_dog_temple, grunt_decor_arrowhead,
          minmay_pentomino_o2

Action                   || total
-------------------------++-------
Melee: Unarmed           ||    38
       Bite              ||    10
 Stab: Sleeping          ||     1
Armor: Leather armour    ||     9
Dodge: Dodged            ||    23

Table legend: (Time is in decaauts)
 A = Elapsed time spent in this place.
 B = Non-inter-level travel time spent in this place.
 C = Inter-level travel time spent in this place.
 D = Time resting spent in this place.
 E = Time spent auto-exploring this place.
 F = Levels seen in this place.
 G = Mean time per level.
                   A        B        C        D        E       F      G
               +--------+--------+--------+--------+--------+-----+--------+
         Total |    207 |    207 |      0 |      0 |      0 |   1 |  207.0 |
       Dungeon |    207 |    207 |      0 |      0 |      0 |   1 |  207.0 |
               +--------+--------+--------+--------+--------+-----+--------+

Top non-repeatable levels by time:
     D:1: 207 daAuts
